 Dungeon Crawl Stone Soup version 0.25-a0-156-g0c4bda3fdf (webtiles) character file.

Game seed: 1349030026163342564, levelgen mode: deterministic

164 Leeroy the Slasher (level 5, 0/41 HPs)
             Began as a Draconian Skald on Nov 20, 2019.
             Slain by a gnoll
             ... wielding a cursed -2 halberd
              (6 damage)
             ... on level 3 of the Dungeon.
             The game lasted 00:06:05 (2154 turns).

Leeroy the Slasher (Draconian Skald)                Turns: 2154, Time: 00:06:06

Health: 0/41       AC:  6    Str: 13    XL:     5   Next: 21%
Magic:  5/8        EV: 12    Int: 13    God:
Gold:   79         SH:  0    Dex: 12    Spells: 1/8 levels left

rFire    . . .     SeeInvis .   a - +0 falchion
rCold    . . .     Gourm    .   (no shield)
rNeg     . . .     Faith    .   (armour unavailable)
rPois    .         Spirit   .   (helmet restricted)
rElec    .         Reflect  .   (no cloak)
rCorr    .         Harm     .   (no gloves)
MR       .....                  g - +0 pair of boots
Stlth    +.........             (no amulet)
HPRegen  0.13/turn              (no ring)
MPRegen  0.11/turn              (no ring)

@: no status effects
A: unfitting armour, cold-blooded, AC +5
a: no special abilities


You were on level 3 of the Dungeon.
You were not hungry.

You visited 1 branch of the dungeon, and saw 4 of its levels.

You collected 79 gold pieces.

Inventory:

Hand Weapons
 a - a +0 falchion (weapon)
 b - a +0 dagger
 q - a +3 dagger
 t - a +0 club
Missiles
 o - 3 boomerangs (quivered)
 s - 19 poisoned darts
Armour
 g - a +0 pair of boots (worn)
Jewellery
 r - an uncursed ring of positive energy
Scrolls
 e - 3 scrolls of enchant weapon {unknown}
 f - a scroll of magic mapping {unknown}
 h - a scroll of blinking {unknown}
 j - 2 scrolls of noise {unknown}
 k - 3 scrolls of remove curse {unknown}
 l - 3 scrolls of identify {unknown}
 m - a scroll of enchant armour {unknown}
 v - 2 scrolls of teleportation {unknown}
Potions
 d - a potion of might {unknown}
 i - a potion of brilliance {unknown}
 n - a potion of lignification {unknown}
 u - a potion of invisibility {unknown}
 w - a potion of mutation {unknown}
Comestibles
 c - 5 rations


   Skills:
 - Level 2.1 Fighting
 + Level 5.5 Long Blades
 - Level 2.1 Dodging
 - Level 2.0 Spellcasting
 - Level 2.6 Charms


You had one spell level left.
You knew the following spells:

 Your Spells              Type           Power        Failure   Level  Hunger
a - Infusion              Chrm           #...         9%          1    ##.....
b - Spectral Weapon       Hex/Chrm       #.......     41%         3    ####...
c - Regeneration          Chrm/Necr      #.........   41%         3    ####...

Your spell library contained the following spells:

 Spells                   Type           Power        Failure   Level  Hunger
 Song of Slaying          Chrm           #.......     13%         2    ###....
 Shroud of Golubria       Chrm/Tloc      #.....       22%         2    ###....


Dungeon Overview and Level Annotations

Branches:
Dungeon (4/15)
 Temple: D:4-7

Altars:


Innate Abilities, Weirdness & Mutations

Your plain brown scales are hard. (AC +5)
You cannot fit into any form of body armour.
You are cold-blooded and may be slowed by cold attacks.


Message History

There are monsters nearby!
The gnoll hits you with a cursed -2 halberd!
The gnoll misses you.
You riposte.
You hit the gnoll.
The gnoll is lightly wounded.
You climb upwards.
There is a stone staircase leading down here.
You hit the gnoll.
Your tail-slap misses the gnoll.
The gnoll is heavily wounded.
You hit the gnoll.
The gnoll is heavily wounded.
The gnoll misses you.
You closely miss the gnoll.
The gnoll is heavily wounded.
The gnoll hits you with a cursed -2 halberd!
* * * LOW HITPOINT WARNING * * *
Casting: Spectral Weapon (slightly dangerous; 41% risk of failure)
Confirm with . or Enter, or press ? or * to list all spells.
You draw out your weapon's spirit!
The gnoll hits you with a cursed -2 halberd.
You die...

#...........####.#
#.#########.# #.#
#.# #.....# #.#
#.#####.##### #.#
#.#...#.# #.#
#.#...#.# #..
###'#.÷.#.# #..
#...(...#.### #..
#..@g...'...# #..
#.....÷.#.#.# ###.
#.......#.#.#####...
#.......'...........
#.......#.##(####'##
#.......#.##.###...#
#.......#.##..##...#
#########(###.##...'
#.# #.##...#


You could see a gnoll and a friendly spectral +0 falchion.

Vanquished Creatures
  An orc wizard (D:3)
  3 adders (D:3)
  3 worms
  4 dart slugs
  2 leopard geckos
  10 orcs (D:3)
  2 ball pythons
  6 giant cockroaches
  7 hobgoblins
  3 quokkas (D:3)
  14 bats
  5 frilled lizards
  6 goblins
  10 kobolds
  9 rats
85 creatures vanquished.

Notes
Turn   | Place    | Note
-------+----------+-------------------------------------------
     0 | D:1      | Leeroy the Draconian Skald began the quest for the Orb.
     0 | D:1      | Reached XP level 1. HP: 17/17 MP: 3/3
    94 | D:1      | Reached XP level 2. HP: 19/24 MP: 5/5
   183 | D:1      | Reached skill level 3 in Long Blades
   624 | D:1      | Reached XP level 3. HP: 18/29 MP: 6/6
  1146 | D:2      | Reached skill level 4 in Long Blades
  1282 | D:2      | Learned a level 3 spell: Spectral Weapon
  1574 | D:3      | Reached XP level 4. HP: 34/36 MP: 7/7
  1579 | D:3      | Learned a level 3 spell: Regeneration
  1810 | D:3      | Reached skill level 5 in Long Blades
  1852 | D:3      | Reached XP level 5. HP: 11/41 MP: 4/8
  2154 | D:3      | Slain by a gnoll

Levels and vault maps discovered:
D:1:      dpeg_arrival_chambers_temple_mockup, layout_basic
D:2:      layout_rooms
D:3:      layout_basic, nicolae_overflow_hidden_temple
D:4:      kennysheep_six_static_rooms, layout_loops_corners, elyvilon_altar_3,
          okawaru_trees_1, minmay_temple_entry_statues_pillars, first_ration

Skill      XL: |  1  2  3  4 |
---------------+-------------+-----
Long Blades    | 3 4 5 |  5.5
Fighting       | |  2.1
Dodging        | |  2.1
Spellcasting   | |  2.0
Charms         | |  2.6

Action                   |  1- 3 |  4- 6 || total
-------------------------+-------+-------++-------
Melee: Falchion          |   165 |   103 ||   268
       Tailslap          |    14 |     8 ||    22
 Cast: Infusion          |     1 |     1 ||     2
       Spectral Weapon   |       |     4 ||     4
 Stab: Distracted        |       |     1 ||     1
  Eat: Chunk             |     2 |     3 ||     5
Armor: Skin              |    70 |    37 ||   107
Dodge: Dodged            |   130 |    68 ||   198
       Rpst.: Falchion   |    36 |    18 ||    54

Table legend:
 A = Non-vault XP
 B = Vault XP
 C = Vault XP percentage of total XP
 D = Non-vault monster count
 E = Vault monster count
 F = Vault count percentage of total count
                 A         B        C        D         E       F
            +---------+---------+-------+---------+---------+-------
      Total |     235 |       0 |   0.0 |      85 |       0 |   0.0
            +---------+---------+-------+---------+---------+-------
        D:1 |      52 |       0 |   0.0 |      30 |       0 |   0.0
        D:2 |      40 |       0 |   0.0 |      22 |       0 |   0.0
        D:3 |     143 |       0 |   0.0 |      33 |       0 |   0.0
            +---------+---------+-------+---------+---------+-------
